Match 42110881
Unlisted

Match 42110881
End
Construct Barracks
Riflemen Squad
Riflemen Squad
Riflemen Squad
Grenade Package
Scout Squad
Air Support Center
Construct Medical Station
Construct Weapon Support Center
Grasshopper Recon Run
Riflemen Squad
M3 Armored Personnel Carrier
Grasshopper Recon Run
Construct Motor Pool
Grasshopper Recon Run
P-47 Strafing Run
P-47 Dive Bomb
Selects Heavy Weapons
Selects Assault Carriers
Selects Exchangeable Parts
Engineer Squad
M24 Chaffee Light Tank
Grasshopper Recon Run
Grasshopper Recon Run
P-47 Strafing Run
M1918 Browning Automatic Rifles
Double Sortie
P-47 Dive Bomb
P-47 Strafing Run
Grasshopper Recon Run
P-47 Strafing Run
Air Supremacy
Advanced Air Reconnaissance
Grasshopper Recon Run
P-47 Dive Bomb
Grasshopper High-Altitude Recon Run
M24 Chaffee Light Tank
M24 Chaffee Light Tank
M24 Chaffee Light Tank
Engineer Squad
Grasshopper High-Altitude Recon Run
P-47 Strafing Run
Grasshopper High-Altitude Recon Run
P-47 Dive Bomb
Selects M26 Pershing Heavy Tank
Selects M2HB .50cal Heavy Machine Gun
Selects Gallant Stand
P-47 Strafing Run
M26 Pershing Heavy Tank
P-47 Strafing Run
Scout Squad
Engineer Squad
The Window
the Door
jade gaming
Nashorn101
0
0

Comments sign in to comment!

No comments posted yet!